 Dungeon Crawl Stone Soup version 0.30-a0-422-g946f4849ff (webtiles) character file.

Game seed: 4847678655505403669

2790 ryw the Caller (level 9, -4/68 HPs)
             Began as a Demonspawn Summoner on Dec 9, 2022.
             Slain by a manticore (10 damage)
             ... on level 6 of the Dungeon.
             The game lasted 00:23:57 (8994 turns).

ryw the Caller (Demonspawn Summoner)                Turns: 8994, Time: 00:23:57

Health: -4/68      AC:  7    Str:  8    XL:     9   Next: 43%
Magic:  8/17       EV: 14    Int: 21    God:
Gold:   319        SH:  0    Dex: 14    Spells: 6/19 levels left

rFire   + . .      SeeInvis .    p - +4 quarterstaff (chaos)
rCold   . . .      Faith    .    (shield currently unavailable)
rNeg    . . .      Spirit   .    a - +2 robe
rPois   .          Reflect  .    (no helmet)
rElec   .          Harm     .    n - +0 cloak
rCorr   .          Rampage  .    (no gloves)
Will    .....                    (no boots)
Stlth   ++........               (no amulet)
HPRegen 0.31/turn                m - ring of protection from fire
MPRegen 0.15/turn                (no ring)

@: studying Short Blades
A: icy blue scales 1, demonic guardian 2, demonic magic 1
a: no special abilities


You were on level 6 of the Dungeon.
You visited 1 branch of the dungeon, and saw 6 of its levels.
You also visited: Ossuary.

You collected 319 gold pieces.

Inventory:

Hand Weapons
 o - a +0 halberd
 p - a +4 quarterstaff of chaos (weapon)
Armour
 a - a +2 robe (worn)
 h - a +0 buckler
 n - a +0 cloak (worn)
Jewellery
 m - a ring of protection from fire (left hand)
 y - an amulet of faith
Wands
 c - a wand of flame (17)
 l - a wand of mindburst (10)
Scrolls
 i - 3 scrolls of teleportation
 j - a scroll of vulnerability
 q - 5 scrolls of butterflies
 t - a scroll of magic mapping
 w - a scroll of fear
 z - a scroll of enchant armour
Potions
 b - 2 potions of magic
 d - a potion of invisibility
 f - 6 potions of curing
 g - 4 potions of heal wounds
 k - a potion of lignification
 u - 3 potions of haste
 x - 3 potions of might


   Skills:
 + Level 5.4 Fighting
 + Level 5.3 Dodging
 - Level 1.7 Stealth
 + Level 5.6 Spellcasting
 + Level 4.5 Hexes
 + Level 6.9 Summonings
 + Level 3.6 Air Magic


You had 6 spell levels left.
You knew the following spells:

 Your Spells              Type           Power      Damage    Failure   Level
a - Call Canine Familiar  Summ           35%        N/A       1%          3
b - Call Imp              Summ           35%        N/A       1%          2
c - Summon Small Mammal   Summ           100%       N/A       1%          1
d - Summon Guardian Gole  Hex/Summ       29%        N/A       3%          3
e - Summon Lightning Spi  Summ/Air       28%        N/A       12%         4

Your spell library contained the following spells:

 Spells                   Type           Power      Damage    Failure   Level
 Tukima's Dance           Hex            24%        N/A       4%          3
 Dazzling Flash           Conj/Hex       30%        N/A       12%         3
 Portal Projectile        Hex/Tloc       30%        N/A       12%         3
 Iskenderun's Mystic Bla  Conj/Tloc      5%         2d3       71%         4
 Blade Hands              Tmut           2%         N/A       96%         5
 Starburst                Conj/Fire      2%         6d3       100%        6


Dungeon Overview and Level Annotations

Branches:
Dungeon (6/15)            Ossuary (visited)
 Temple: D:4-7

Altars:
Cheibriados
Gozag
Nemelex Xobeh
Okawaru
Uskayaw
Wu Jian

Shops:
D:2 (   D:4 :

Annotations:
D:5 Dowan, Duvessa
D:6 baller8008's ghost, novice DjCj


Innate Abilities, Weirdness & Mutations

You are partially covered in icy blue scales. (AC +2)
A demonic guardian rushes to your aid.
Spells you cast may paralyse adjacent enemies.


Message History

Confirm with . or Enter, or press ? or * to list all spells.
Malevolent energies surge around you.
The manticore flicks its tail.
The volley of spikes hits you!!
The barbed spikes become lodged in your body.
Your crimson imp hits the manticore but does no damage.
The manticore bites your crimson imp!! The manticore misses your crimson imp.
The manticore claws your crimson imp!
Your crimson imp dies!
Your crimson imp disappears in a puff of smoke!
You thump the manticore!
You feel better.
The manticore is moderately wounded.
The manticore closely misses you. x2; The manticore barely misses you.
The manticore bites you!
A demonic guardian appears!
The manticore closely misses you. The manticore claws you!
You closely miss the manticore.
The manticore is moderately wounded.
The manticore misses you.
The manticore claws you but does no damage.
The manticore claws you!
* * * LOW HITPOINT WARNING * * *
Your ice devil hits the manticore.
Your ice devil freezes the manticore!
You hit the manticore.
The manticore suddenly seems more agile.
The manticore is severely wounded.
The manticore barely misses you. The manticore claws you!
* * * LOW HITPOINT WARNING * * *
The manticore barely misses you.
Your ice devil closely misses the manticore.
You feel much better. The manticore bites you. The manticore barely misses you.
The manticore closely misses you.
Your ice devil barely misses the manticore.
You hit the manticore. You freeze the manticore.
The manticore is severely wounded.
You carefully extract the barbed spikes from your body.
The manticore bites you!
* * * LOW HITPOINT WARNING * * *
The manticore claws you but does no damage.
The manticore claws you!
You die...

. #.# .. # #.# .# ..
####.######### .. .##
#......... .?###.
..###.##.##.####h#..
...##.##......##@#.###
....#.##......##H#...#
#...'.>.........94...#
....#.##.........###.....
...##.......###### ..#
†.########.## # .## #.#
## #.# # #.#


You could see a manticore (agile, ally target), a friendly ice devil (summoned,
sheltered), a friendly guardian golem (summoned) and a friendly wolf (summoned,
sheltered).

Vanquished Creatures
  An unseen horror zombie (D:6)
  A phantom (D:4)
  A scorpion (D:5)
  A hound (D:5)
  An orc priest (D:5)
  An iguana (D:4)
  An orc wizard (D:4)
  A gnoll (D:2)
  A white imp (D:5)
  2 adder zombies (Ossuary)
  A worm (D:2)
  6 orcs
  An endoplasm (D:1)
  A giant cockroach (D:1)
  2 hobgoblins (D:1)
  A quokka (D:3)
  A bat (D:3)
  3 goblins
  3 kobolds
  2 orc zombies (Ossuary)
  3 rats
35 creatures vanquished.

Vanquished Creatures (collateral kills)
  Pikel (D:5)
  An unseen horror skeleton (D:6)
  Prince Ribbit (D:5)
  A steam dragon (D:6)
  Edmund (D:5)
  A water moccasin (D:5)
  An orc warrior (D:6)
  An ogre (D:5)
  A lemure (D:5)
  A phantom (D:5)
  2 elf zombies (Ossuary)
  A bullfrog (D:6)
  A necrophage (D:6)
  A scorpion (D:3)
  A centaur zombie (Ossuary)
  Crazy Yiuf (D:6)
  A hound (D:6)
  5 iguanas
  2 mummies (Ossuary)
  3 gnolls
  5 adders
  4 worms
  A dart slug (D:1)
  5 orcs
  4 bats
  4 endoplasms
  2 giant cockroaches
  5 goblins
  3 hobgoblins
  2 quokkas
  2 ball pythons (D:3)
  4 frilled lizards
  2 goblin zombies (Ossuary)
  8 hobgoblin zombies (Ossuary)
  A jackal zombie (Ossuary)
  10 kobolds
  11 kobold zombies (Ossuary)
  6 orc zombies (Ossuary)
  2 rats
  2 rat zombies (Ossuary)
111 creatures vanquished.

Grand Total: 146 creatures vanquished

Notes
Turn   | Place    | Note
-------+----------+-------------------------------------------
     0 | D:1      | ryw the Demonspawn Summoner began the quest for the Orb.
     0 | D:1      | Reached XP level 1. HP: 13/13 MP: 3/3
   404 | D:1      | Gained mutation: You are partially covered in icy blue
                  | scales. (AC +2) [demonic ancestry]
   404 | D:1      | Reached XP level 2. HP: 20/20 MP: 1/5
  1036 | D:1      | Reached skill level 1 in Fighting
  1039 | D:1      | Learned a level 2 spell: Call Imp
  1627 | D:2      | Reached XP level 3. HP: 26/26 MP: 2/6
  1631 | D:2      | Learned a level 3 spell: Call Canine Familiar
  1913 | D:2      | Reached XP level 4. HP: 31/32 MP: 2/7
  2536 | D:2      | Found Feuhav's Weapon Emporium.
  2821 | D:3      | Found a snail-covered altar of Cheibriados.
  3364 | D:3      | Found an ornate altar of the Wu Jian Council.
  3366 | D:3      | Found a sparkling altar of Nemelex Xobeh.
  3619 | D:4      | Noticed a scorpion
  3814 | D:3      | Killed a scorpion
  3815 | D:3      | Gained mutation: A weak demonic guardian rushes to your
                  | aid. [demonic ancestry]
  3815 | D:3      | Reached XP level 5. HP: 39/39 MP: 4/9
  4198 | D:4      | Noticed a phantom
  4205 | D:4      | Learned a level 3 spell: Summon Guardian Golem
  4378 | D:4      | Found Xethybas's Book Shoppe.
  4382 | D:4      | Reached skill level 5 in Summonings
  4444 | D:4      | Reached XP level 6. HP: 46/46 MP: 4/11
  4968 | D:5      | Entered Level 5 of the Dungeon
  5010 | D:5      | Noticed Dowan
  5010 | D:5      | Noticed Duvessa
  5188 | D:5      | Reached skill level 1 in Hexes
  5190 | D:5      | Noticed Edmund
  5281 | D:5      | Found a sand-covered staircase.
  5299 | D:5      | Gained mutation: A demonic guardian rushes to your aid.
                  | [demonic ancestry]
  5299 | D:5      | Reached XP level 7. HP: 52/52 MP: 4/12
  5330 | Ossuary  | Entered an ossuary
  5472 | Ossuary  | Learned a level 4 spell: Summon Lightning Spire
  5814 | Ossuary  | Reached skill level 1 in Air Magic
  6145 | D:5      | Killed Edmund
  6236 | D:5      | Noticed Prince Ribbit
  6802 | D:5      | Killed Prince Ribbit
  6803 | D:5      | Reached XP level 8. HP: 13/60 MP: 2/14
  6978 | D:5      | Found a faded altar of an unknown god.
  6985 | D:5      | Found an iron altar of Okawaru.
  6987 | D:5      | Found a hide-covered altar of Uskayaw.
  6989 | D:5      | Found a faded altar of an unknown god.
  7016 | D:5      | Noticed Pikel
  7036 | D:5      | Killed Pikel
  7037 | D:5      | Reached skill level 6 in Summonings
  7189 | D:5      | Reached skill level 5 in Spellcasting
  7711 | D:6      | Found an opulent altar of Gozag.
  7843 | D:6      | Reached skill level 5 in Fighting
  7843 | D:6      | Reached skill level 5 in Dodging
  7843 | D:6      | Gained mutation: Spells you cast may paralyse adjacent
                  | enemies. [demonic ancestry]
  7843 | D:6      | Reached XP level 9. HP: 65/68 MP: 7/16
  8018 | D:6      | Found a runed translucent door.
  8019 | D:6      | Noticed Crazy Yiuf
  8030 | D:6      | Killed Crazy Yiuf
  8139 | D:6      | Found a runed translucent gate.
  8139 | D:6      | Found a runed translucent gate.
  8140 | D:6      | Found a runed translucent gate.
  8144 | D:6      | Noticed baller8008's ghost (novice DjCj)
  8951 | D:6      | Noticed a manticore
  8994 | D:6      | Slain by a manticore

Illustrated notes

Levels and vault maps discovered:
D:1:      wander_arrival_lonely_grave, layout_basic
D:2:      layout_loops_cross, serial_shops, nicolae_shop_bloodbath_and_beyond
D:3:      layout_loops_ring, minitemple, cheibrodos_worm_habitat
D:4:      layout_basic, serial_shops, nicolae_shop_advertising_works
          [nicolae_subvault_shop_adworks], minmay_manual_moon
D:5:      layout_rooms, chequers_temple_overflow_minitemple,
          nicolae_ossuary_entry_monument, nicolae_eternal_life,
          uniq_prince_ribbit1, uniq_edmund, uniq_pikel, uniq_duvessa
D:6:      layout_loops_corners, mainiacjoe_overflow_cross_hatched,
          minmay_temple_entry_trees, gammafunk_ghost_necromancy, kb_rosetta,
          uniq_crazy_yiuf_cottage

Skill      XL: |  1  2  3  4  5  6  7  8  9 |
---------------+----------------------------+-----
Dodging        | 2 3 4 5 |  5.3
Fighting       | 1 2 3 4 5 |  5.4
Spellcasting   | 3 4 5 |  5.6
Summonings     | 5 6 |  6.9
Hexes          | 1 2 3 4 |  4.5
Air Magic      | 1 3 |  3.6
Stealth        | |  1.7

Action                   |  1- 3 |  4- 6 |  7- 9 || total
-------------------------+-------+-------+-------++-------
Melee: Short sword       |    15 |       |       ||    15
       Whip              |    13 |    67 |    32 ||   112
       Punch             |       |     3 |       ||     3
       Quarterstaff      |       |       |    15 ||    15
 Cast: Summon Small Mamm |    51 |    13 |    13 ||    77
       Call Imp          |     8 |    24 |    23 ||    55
       Call Canine Famil |     2 |    30 |    27 ||    59
       Summon Guardian G |       |     2 |     4 ||     6
       Summon Lightning  |       |       |     9 ||     9
  Use: Scroll            |     2 |     6 |     9 ||    17
       Potion            |       |       |     5 ||     5
 Stab: Distracted        |       |       |     2 ||     2
Armor: Robe              |    16 |    24 |    19 ||    59
Dodge: Dodged            |    31 |    75 |    56 ||   162

Table legend: (Time is in decaauts)
 A = Elapsed time spent in this place.
 B = Non-inter-level travel time spent in this place.
 C = Inter-level travel time spent in this place.
 D = Time resting spent in this place.
 E = Time spent auto-exploring this place.
 F = Levels seen in this place.
 G = Mean time per level.
                   A        B        C        D        E       F      G
               +--------+--------+--------+--------+--------+-----+--------+
         Total |   9023 |   8638 |    385 |   2286 |   4459 |   7 | 1289.0 |
       Dungeon |   8359 |   7974 |    385 |   2096 |   4310 |   6 | 1393.2 |
       Ossuary |    663 |    663 |      0 |    190 |    149 |   1 |  663.0 |
               +--------+--------+--------+--------+--------+-----+--------+

Top non-repeatable levels by time:
     D:4: 1608 daAuts
     D:3: 1401 daAuts
     D:6: 1383 daAuts
     D:1: 1345 daAuts
     D:5: 1317 daAuts
     D:2: 1302 daAuts
 Ossuary: 663 daAuts
